 Dungeon Crawl Stone Soup version 0.31-a0-14-gc80a10f4b6 (webtiles) character file.

Game seed: 11242683785917541511

3814 bande the Cleaver (level 10, 0/60 HPs)
             Began as a Gargoyle Fighter on May 8, 2023.
             Was a Believer of Okawaru.
             Slain by a two-headed ogre
             ... wielding a +0 dire flail
              (11 damage)
             ... on level 8 of the Dungeon.
             The game lasted 00:18:39 (7696 turns).

bande the Cleaver (Gargoyle Fighter)                Turns: 7696, Time: 00:18:40

Health: 0/60       AC: 21    Str: 21    XL:     10   Next: 17%
Magic:  12/12      EV:  6    Int:  8    God:    Okawaru [**....]
Gold:   362        SH: 15    Dex: 13    Spells: 9/9 levels left

rFire   . . .        a - +1 war axe
rCold   . . .        H - +0 kite shield
rNeg    + . .        C - +0 storm dragon scales
rPois   ∞            (no helmet)
rElec   +            g - scarf {repulsion}
rCorr   .            (no gloves)
SInv    .            E - +0 pair of boots
Will    +....        m - amulet of reflection Stlth
                     e - ring of willpower
HPRegen 0.30/turn    t - ring of flight
MPRegen 0.13/turn

%: repel missiles, reflection
@: flying
A: sickness immunity, AC +7, negative energy resistance 1, electricity
resistance, torment resistance 1, petrification resistance
a: Renounce Religion, Heroism


You were on level 8 of the Dungeon.
You worshipped Okawaru.
Okawaru was pleased with you.
You visited 2 branches of the dungeon, and saw 9 of its levels.
You also visited: Sewer and Ossuary.

You collected 374 gold pieces.
You spent 12 gold pieces at shops.

Inventory:

Hand Weapons
 a - a +1 war axe (weapon)
 p - the +10 hammer "Yrraig" {venom, Int+3}
   (You found it on level 3 of the Dungeon)

   Int:       It affects your intelligence (+3).
Armour
 g - a scarf of repulsion (worn)
 i - a +0 plate armour
 C - +0 storm dragon scales (worn)
 E - a +0 pair of boots (worn)
 H - a +0 kite shield (worn)
Jewellery
 e - a ring of willpower (left hand)
 f - a ring of resist corrosion
 j - a ring of ice
 l - a ring of see invisible
 m - an amulet of reflection (around neck)
 t - a ring of flight (right hand)
 y - a ring of fire
 I - the ring "Sifiw" {Fire Contam rPois Dex+7 Stlth+}
   (You found it on level 6 of the Dungeon)

   [ring of fire]

   It enhances your fire magic.
   Dex:       It affects your dexterity (+7).
   rF:        It protects you from fire.
   rC:        It makes you vulnerable to cold.
   rPois:     It protects you from poison.
   Contam:    It causes magical contamination when unequipped.
   Stlth:     It makes you more stealthy.
Wands
 c - a wand of paralysis (3)
 k - a wand of flame (15)
 r - a wand of iceblast (5)
 u - a wand of mindburst (16)
 F - a wand of quicksilver (5)
Scrolls
 h - 4 scrolls of teleportation
 n - 4 scrolls of enchant armour
 x - 3 scrolls of magic mapping
 A - 2 scrolls of fog
 J - a scroll of fear
 K - a scroll of identify
Potions
 b - a potion of ambrosia
 d - a potion of might
 o - a potion of resistance
 q - 8 potions of curing
 s - 3 potions of cancellation
 v - 2 potions of heal wounds
 w - 2 potions of magic
 z - 4 potions of brilliance
 B - a potion of mutation
 D - 2 potions of flight
 G - 2 potions of invisibility


   Skills:
 + Level 6.2 Fighting
 + Level 8.4 Axes
 + Level 5.8 Armour
 + Level 7.3 Shields
 * Level 3.7 Invocations
 * Level 5.1 Evocations


You had 9 spell levels left.
You didn't know any spells.
Your spell library contained the following spells:

 Spells                   Type           Power      Damage    Failure   Level
 Lesser Beckoning         Tloc           0%         N/A       100%        2
 Dazzling Flash           Conj/Hex       0%         N/A       100%        3
 Frozen Ramparts          Ice            0%         1d1       100%        3
 Gell's Gravitas          Tloc           0%         N/A       100%        3
 Ignite Poison            Fire/Tmut/Pois 0%         N/A       100%        3
 Teleport Other           Tloc           0%         N/A       100%        3
 Vhi's Electric Charge    Tloc/Air       0%         N/A       100%        3
 Volatile Blastmotes      Fire/Tloc      0%         2d10      100%        3
 Ice Form                 Ice/Tmut       0%         N/A       100%        4
 Iskenderun's Mystic Bla  Conj/Tloc      0%         2d3       100%        4
 Arcjolt                  Conj/Air       0%         1d10      100%        5
 Freezing Cloud           Conj/Ice/Air   0%         6-21      100%        5
 Plasma Beam              Fire/Air       0%         2x1d11    100%        6
 Starburst                Conj/Fire      0%         6d3       100%        6
 Summon Small Mammal      Summ           Unusable   N/A       N/A         1
 Cigotuvi's Dreadful Rot  Necr/Pois/Air  Unusable   N/A       N/A         2
 Call Canine Familiar     Summ           Unusable   N/A       N/A         3
 Summon Guardian Golem    Hex/Summ       Unusable   N/A       N/A         3
 Summon Ice Beast         Ice/Summ       Unusable   N/A       N/A         4

Dungeon Overview and Level Annotations

Branches:
Dungeon (8/15)             Temple (1/1) D:6           Sewer (visited)
Ossuary (visited)
   Lair: D:8-11

Altars:
Ashenzari
Cheibriados
Dithmenos
Elyvilon
Fedhas
Gozag
Kikubaaqudgha
Makhleb
Nemelex Xobeh
Okawaru
Qazlal
Ru
Sif Muna
Trog
Vehumet
Wu Jian
Xom
Yredelemnul
Zin
The Shining One

Shops:
D:6 !((

Annotations:
D:8 Joseph


Innate Abilities, Weirdness & Mutations

You are immune to sickness and miasma.
Your stone body is resilient. (AC +7)
You are immune to poison.
You resist negative energy. (rN+)
You are resistant to electric shocks. (rElec)
You are resistant to unholy torment.
You are immune to petrification.


Message History

The tengu warrior completely misses you.
The tengu warrior claws you but does no damage.
You hit the two-headed ogre but do no damage.
The two-headed ogre is heavily wounded.
The tengu warrior blocks your attack.
You closely miss Joseph. You block the two-headed ogre's attack.
The two-headed ogre hits you with a +0 giant club.
Joseph barely misses you.
You block the tengu warrior's attack. x2
The tengu warrior claws you but does no damage.
The deep elf pyromancer mumbles some strange words.
The deep elf pyromancer blinks!
You barely miss the two-headed ogre.
The two-headed ogre is heavily wounded.
You hit the tengu warrior but do no damage.
You barely miss Joseph. Joseph hits you with a +0 quarterstaff.
* * * LOW HITPOINT WARNING * * *
You block the two-headed ogre's attack. x2
The tengu warrior hits you but does no damage.
The tengu warrior pecks you but does no damage.
The tengu warrior claws you but does no damage.
You hit the two-headed ogre but do no damage.
The two-headed ogre is heavily wounded.
You hit the tengu warrior. You hit Joseph but do no damage.
You block Joseph's attack. The tengu warrior barely misses you.
You block the tengu warrior's attack.
The tengu warrior claws you but does no damage.
The two-headed ogre hits you with a +0 dire flail.
* * * LOW HITPOINT WARNING * * *
You block the two-headed ogre's attack.
The deep elf pyromancer mumbles some strange words.
Joseph hits you but does no damage.
You hit the two-headed ogre.
The two-headed ogre is heavily wounded.
The tengu warrior blocks your attack.
You slash Joseph!
The tengu warrior hits you with a +0 broad axe.
* * * LOW HITPOINT WARNING * * *
The tengu warrior pecks you but does no damage.
You block the tengu warrior's attack. Joseph hits you but does no damage.
The two-headed ogre hits you with a +0 dire flail!
You die...

.. ## .# .. #.....
.##.# #. .....
...... .. ...#
...... .. #. #..#
#....# ## #.. #..#
##○....# #.#
#..###OQE...## #
#..# #....@@eE☼... .
##...###..#######...
# #.>......## ..
..####..## #...
##.## #.### ##..#
#...####...##
##...........##
##..#.............


You could see Joseph, a tengu warrior, a two-headed ogre, a deep elf pyromancer
and 2 fire elementals.

Vanquished Creatures
  A troll (D:8)
  A wraith (Ossuary)
  A vampire mosquito (D:8)
  Edmund (D:6)
  Pargi (Sewer)
  2 sky beasts (D:7)
  An orc warrior (D:8)
  2 black bears
  4 ice beasts
  2 centaurs
  An ogre (D:5)
  2 phantoms (D:5)
  5 bullfrogs
  3 scorpions
  6 wights
  3 killer bees (D:8)
  A howler monkey (D:8)
  A centaur zombie (D:4)
  3 jellies
  2 wyvern simulacra (D:6)
  2 hounds
  A human zombie (D:4)
  A sleepcap (D:5)
  Crazy Yiuf (D:3)
  Jessica (D:2)
  4 iguanas
  An orc wizard (D:7)
  3 scorpion zombies (D:4)
  The ghost of OldManVictorn the Covert, a weakling GnDe (D:6)
  A centaur simulacrum (D:6)
  A hound zombie (D:4)
  3 mummies
  7 adders
  3 gnolls (D:2)
  4 shadow imps
  4 white imps
  2 ufetubi
  2 adder zombies (D:4)
  A worm (D:5)
  A dart slug (D:2)
  19 orcs
  5 bats
  6 endoplasms
  8 giant cockroaches
  6 goblins
  6 hobgoblins
  2 jackals (D:2)
  5 quokkas
  5 ball pythons
  9 frilled lizards
  6 gnoll skeletons (Ossuary)
  8 kobolds
  3 kobold skeletons (Ossuary)
  16 orc skeletons (Ossuary)
  A rat (D:1)
192 creatures vanquished.

Vanquished Creatures (others)
  A kobold (D:4)
1 creature vanquished.

Grand Total: 193 creatures vanquished

Notes
Turn   | Place    | Note
-------+----------+-------------------------------------------
     0 | D:1      | bande the Gargoyle Fighter began the quest for the Orb.
     0 | D:1      | Reached XP level 1. HP: 14/14 MP: 1/1
   307 | D:1      | Reached XP level 2. HP: 19/19 MP: 2/2
   466 | D:1      | Reached skill level 2 in Axes
   797 | D:2      | Noticed Jessica
   802 | D:2      | Killed Jessica
   803 | D:2      | Reached XP level 3. HP: 23/24 MP: 3/3
   829 | D:2      | Reached XP level 4. HP: 26/29 MP: 4/4
   833 | D:2      | Reached skill level 3 in Axes
  1651 | D:3      | Found a runed translucent door.
  1652 | D:3      | Noticed Crazy Yiuf
  1654 | D:3      | Identified the +10 hammer "Yrraig" {venom, Int+3}
  1664 | D:3      | Killed Crazy Yiuf
  1665 | D:3      | Reached XP level 5. HP: 30/33 MP: 5/5
  2093 | D:4      | Reached skill level 1 in Evocations
  2155 | D:4      | Reached skill level 4 in Axes
  2155 | D:4      | Reached XP level 6. HP: 38/38 MP: 6/6
  2245 | D:4      | Found a glowing silver altar of Zin.
  2392 | D:4      | Found a glowing drain.
  2396 | Sewer    | Entered a sewer
  2436 | Sewer    | Noticed Pargi
  2482 | Sewer    | Killed Pargi
  2893 | D:4      | Found a shimmering blue altar of Sif Muna.
  2893 | D:4      | Found a shadowy altar of Dithmenos.
  3000 | D:4      | Found an ancient bone altar of Kikubaaqudgha.
  3153 | D:4      | Reached XP level 7. HP: 41/43 MP: 7/7
  3209 | D:4      | Reached skill level 5 in Axes
  3453 | D:5      | Entered Level 5 of the Dungeon
  3550 | D:5      | Reached skill level 5 in Shields
  3680 | D:5      | Found a broken altar of Ashenzari.
  3737 | D:5      | Reached XP level 8. HP: 39/48 MP: 8/8
  3871 | D:5      | Reached skill level 6 in Axes
  3958 | D:5      | Reached skill level 5 in Armour
  4177 | D:5      | Found a basalt altar of Yredelemnul.
  4179 | D:5      | Reached skill level 5 in Fighting
  4346 | D:6      | Found a sand-covered staircase.
  4365 | Ossuary  | Entered an ossuary
  4365 | Ossuary  | Noticed a wraith
  4365 | Ossuary  | Noticed a wraith
  4365 | Ossuary  | Noticed a wraith
  4411 | Ossuary  | Noticed a wraith
  4417 | Ossuary  | Killed a wraith
  4680 | D:6      | Found a sacrificial altar of Ru.
  4729 | D:6      | Noticed OldManVictorn's ghost (weakling GnDe)
  4830 | D:6      | Found a runed translucent gate.
  4830 | D:6      | Found a runed translucent gate.
  4830 | D:6      | Found a runed translucent gate.
  4834 | D:6      | Found Amaleixt's Weapon Shop.
  4873 | D:6      | Found a staircase to the Ecumenical Temple.
  4889 | D:6      | Reached XP level 9. HP: 54/54 MP: 9/9
  4897 | Temple   | Entered the Ecumenical Temple
  5005 | Temple   | Became a worshipper of Warmaster Okawaru
  5082 | D:6      | Identified the +1 chain mail of Powerful Salvation {rElec
                  | Will++ MP-9 SInv}
  5093 | D:6      | Noticed Edmund
  5105 | D:6      | Killed Edmund
  5106 | D:6      | Reached skill level 7 in Axes
  5165 | D:6      | Reached skill level 1 in Invocations
  5314 | D:6      | Found Vaocor's Distillery.
  5318 | D:6      | Bought a potion of degeneration for 12 gold pieces
  5341 | D:6      | Found Putop's Weapon Shop.
  5770 | D:6      | Killed OldManVictorn's ghost
  6213 | D:6      | Got the ring "Sifiw" {Fire Contam rPois Dex+7 Stlth+}
  6511 | D:7      | Reached * piety under Okawaru
  6802 | D:7      | Found a stormy altar of Qazlal.
  7057 | D:7      | Reached skill level 8 in Axes
  7328 | D:8      | Noticed a troll
  7342 | D:8      | Killed a troll
  7342 | D:8      | Reached ** piety under Okawaru
  7343 | D:8      | Reached XP level 10. HP: 38/60 MP: 12/12
  7352 | D:8      | Reached skill level 5 in Evocations
  7401 | D:8      | Noticed a deep elf pyromancer
  7682 | D:8      | Noticed Joseph
  7684 | D:8      | Noticed a tengu warrior
  7685 | D:8      | Noticed a two-headed ogre
  7696 | D:8      | Slain by a two-headed ogre

Illustrated notes

Levels and vault maps discovered:
D:1:      dpeg_arrival_windows_large_door, layout_loops_ring, grunt_decor_cap
D:2:      layout_rooms, uniq_jessica
D:3:      layout_basic, hex_large, uniq_crazy_yiuf_cottage
D:4:      layout_rooms, mainiacjoe_overflow_brackets,
          lemuel_mausoleum_altar_kikubaaqudgha,
          gammafunk_temple_overflow_statue, gup_sewer_entry_bowl
D:5:      layout_cave_pools, nicolae_ashenzari_skybound,
          lemuel_coloured_pillars_altar, serial_column_ruins,
          column_ruins_square_small, column_ruins_square_huge,
          column_ruins_open_tiny, column_ruins_grid_1, column_ruins_columns_T,
          column_ruins_open_small
D:6:      layout_loops_cross, lemuel_crystal_altar, minmay_temple_entry_slanted,
          serial_shops, shop_fountains, nicolae_shop_bloodbath_and_beyond,
          nicolae_shop_behind_doors, nicolae_ossuary_entry_false_entrances,
          gammafunk_ghost_icy, hangedman_decor_diamond_cutter, uniq_edmund
D:7:      layout_loops_corners, nicolae_qazlal_beasts_of_the_sky
D:8:      minmay_ornate_pinched, layout_layer_cave,
          nicolae_uskayaw_dance_studio, uniq_maggie, uniq_joseph
Temple:   minmay_temple_bridge_abc

Skill      XL: |  1  2  3  4  5  6  7  8  9 10 |
---------------+-------------------------------+-----
Axes           | 2 3 4 5 6 8 |  8.4
Fighting       | 4 5 6 |  6.2
Armour         | 4 5 |  5.8
Shields        | 4 5 7 |  7.3
Evocations     | 1 2 3 4 5 |  5.1
Invocations    | 3 |  3.7

Action                     |  1- 3 |  4- 6 |  7- 9 | 10-12 || total
---------------------------+-------+-------+-------+-------++-------
  Melee: War axe           |    58 |   258 |   394 |    55 ||   765
    Use: Scroll            |     3 |    11 |     9 |     1 ||    24
         Potion            |       |       |     1 |       ||     1
 Armour: Scale mail        |    11 |       |       |       ||    11
         Plate armour      |    26 |   244 |    84 |       ||   354
         Storm dragon scal |       |       |   113 |    36 ||   149
  Dodge: Dodged            |    18 |    68 |    79 |    20 ||   185
         Repelled          |       |     1 |       |       ||     1
  Block: Buckler           |    15 |   174 |   135 |       ||   324
         Reflection        |       |     6 |     6 |     1 ||    13
         Kite shield       |       |       |   154 |    63 ||   217

Table legend: (Time is in decaauts)
 A = Elapsed time spent in this place.
 B = Non-inter-level travel time spent in this place.
 C = Inter-level travel time spent in this place.
 D = Time resting spent in this place.
 E = Time spent auto-exploring this place.
 F = Levels seen in this place.
 G = Mean time per level.
                   A        B        C        D        E       F      G
               +--------+--------+--------+--------+--------+-----+--------+
         Total |   7909 |   7696 |    213 |    840 |   4675 |  11 |  719.0 |
       Dungeon |   7082 |   6889 |    193 |    688 |   4349 |   8 |  885.2 |
        Temple |    129 |    109 |     20 |      0 |     83 |   1 |  129.0 |
         Sewer |    490 |    490 |      0 |    152 |    157 |   1 |  490.0 |
       Ossuary |    207 |    207 |      0 |      0 |     86 |   1 |  207.0 |
               +--------+--------+--------+--------+--------+-----+--------+

Top non-repeatable levels by time:
     D:6: 1603 daAuts
     D:7: 1019 daAuts
     D:4: 965 daAuts
     D:5: 905 daAuts
     D:3: 829 daAuts
     D:1: 716 daAuts
     D:2: 577 daAuts
   Sewer: 490 daAuts
     D:8: 464 daAuts
 Ossuary: 207 daAuts
  Temple: 129 daAuts
